 Dungeon Crawl Stone Soup version 0.20-a0-427-g8b12978 (webtiles) character file.

17446 Kriby the Eclecticist (level 12, -4/74 HPs)
             Began as a Mummy Fire Elementalist on Jan 1, 2017.
             Was a High Priest of Sif Muna.
             Slain by a phantasmal warrior (29 damage)
             ... led by a death knight
             ... on level 11 of the Dungeon.
             The game lasted 00:45:23 (14647 turns).

Kriby the Eclecticist (Mummy Fire Elementalist)    Turns: 14647, Time: 00:45:23

Health: -4/74      AC: 17    Str: 12    XL:     12   Next: 19%
Magic:  8/40       EV: 11    Int: 19    God:    Sif Muna [*****.]
Gold:   279        SH:  3    Dex: 12    Spells: 25/42 levels left

rFire  x . .     SeeInvis .     i - +5 rapier "Udyekapp" {speed, Stlth+}
rCold  + . .     Gourm    .     E - +0 troll leather armour
rNeg   + + +     Faith    .     (no shield)
rPois  ∞         Spirit   .     B - +0 helmet
rElec  .         Reflect  +     r - +2 cloak
rCorr  .         Harm     .     v - +1 pair of gloves
MR     .....                    x - +0 pair of boots
Stlth  ++........               F - +3 amulet of reflection
                                z - ring of magical power
                                g - +6 ring of protection

@: vulnerable
A: no food or potions, fire vulnerability, cold resistance 1, negative energy
resistance 3, torment resistance, unbreathing
a: Divine Energy, Channel Magic, Forget Spell, Renounce Religion


You were on level 11 of the Dungeon.
You worshipped Sif Muna.
Sif Muna was extremely pleased with you.
You were not hungry.

You visited 2 branches of the dungeon, and saw 12 of its levels.

You collected 624 gold pieces.
You spent 345 gold pieces at shops.

Inventory:

Hand Weapons
 a - a +4 trident
 i - the +5 rapier "Udyekapp" (weapon) {speed, Stlth+}
   (You found it on level 9 of the Dungeon)

   Attacks with this weapon are significantly faster.
   It makes you more stealthy.
Missiles
 q - 15 tomahawks
 t - 6 javelins (quivered)
Armour
 m - a +0 large shield
 r - a +2 cloak (worn)
 v - a +1 pair of gloves (worn)
 x - a +0 pair of boots (worn)
 y - a +2 robe of magic resistance
 B - a +0 helmet (worn)
 C - a +2 robe of cold resistance
 E - a +0 troll leather armour (worn)
Jewellery
 g - a +6 ring of protection (left hand)
 j - an uncursed ring of see invisible
 l - an uncursed ring of protection from magic
 z - a ring of magical power (right hand)
 F - a +3 amulet of reflection (around neck)
Wands
 w - a wand of iceblast (6/15)
Scrolls
 c - 4 scrolls of identify
 d - 2 scrolls of enchant weapon
 e - 5 scrolls of amnesia
 f - 2 scrolls of magic mapping
 n - 2 scrolls of remove curse
 o - 2 scrolls of immolation
 p - a scroll of enchant armour
 u - a scroll of fog
Books
 b - a book of Flames

   Spells                             Type                      Level
   a - Flame Tongue                   Conjuration/Fire             1
   b - Throw Flame                    Conjuration/Fire             2
   c - Conjure Flame                  Conjuration/Fire             3
   d - Inner Flame                    Hexes/Fire                   3
   e - Sticky Flame                   Conjuration/Fire             4
   f - Fireball                       Conjuration/Fire             5
 h - a book of Cantrips

   Spells                             Type                      Level
   a - Confusing Touch                Hexes                        1
   b - Animate Skeleton               Necromancy                   1
   c - Summon Small Mammal            Summoning                    1
   d - Apportation                    Translocation                1
 k - Sif Muna's Incunabulum of Damage Dealing and Air
   (You found it on level 7 of the Dungeon)

   Spells                             Type                      Level
   a - Shock                          Conjuration/Air              1
 A - a book of Alchemy

   Spells                             Type                      Level
   a - Sublimation of Blood           Necromancy                   2
   b - Ignite Poison                  Fire/Transmutation/Poison    3
   c - Petrify                        Transmutation/Earth          4
   d - Alistair's Intoxication        Transmutation/Poison         5
   e - Irradiate                      Conjuration/Transmutation    5
 D - a book of Power

   Spells                             Type                      Level
   a - Fulminant Prism                Conjuration/Hexes            4
   b - Iskenderun's Mystic Blast      Conjuration                  4
   c - Venom Bolt                     Conjuration/Poison           5
   d - Bolt of Magma                  Conjuration/Fire/Earth       5
   e - Iron Shot                      Conjuration/Earth            6
   f - Orb of Destruction             Conjuration                  7
   g - Spellforged Servitor           Conjuration/Summoning        7
Miscellaneous
 s - a phantom mirror


   Skills:
 - Level 1.5 Dodging
 - Level 1.5 Stealth
 * Level 15.9 Spellcasting
 + Level 8.9 Conjurations
 + Level 9.0 Fire Magic


You had 25 spell levels left.
You knew the following spells:

 Your Spells              Type           Power        Failure   Level  Hunger
a - Flame Tongue          Conj/Fire      #####        1%          1    N/A
b - Conjure Flame         Conj/Fire      #####...     1%          3    N/A
c - Sticky Flame          Conj/Fire      #####...     1%          4    N/A
d - Throw Flame           Conj/Fire      #####.       1%          2    N/A
e - Fireball              Conj/Fire      #####.....   4%          5    N/A
f - Shock                 Conj/Air       ####         1%          1    N/A
T - Apportation           Tloc           ###.......   8%          1    N/A

Dungeon Overview and Level Annotations

Branches:
Dungeon (11/15)            Temple (1/1) D:4            Lair (0/6) D:11
    Orc (0/2) D:10

Altars:
Ashenzari
Cheibriados
Dithmenos
Elyvilon
Fedhas
Gozag
Hepliaklqana
Kikubaaqudgha
Makhleb
Nemelex Xobeh
Okawaru
Qazlal
Ru
Sif Muna
Trog
Uskayaw
Vehumet
Xom
Yredelemnul
Zin
The Shining One

Shops:
D:4 *   D:9 =   D:10 ?   D:11 ?

Annotations:
D:8 exclusion: downstairs


Innate Abilities, Weirdness & Mutations

You do not eat or drink.
Your flesh is vulnerable to fire.
You are immune to poison.
Your flesh is cold resistant. (rC+)
You are immune to negative energy. (rN+++)
You are immune to unholy pain and torment.
You can survive without breathing.


Message History

The phantasmal warrior blinks!
The phantasmal warrior hits you!!
* * * LOW HITPOINT WARNING * * *
The phantasmal warrior hits you but does no damage.
Okay, then.
The phantasmal warrior blinks!
The phantasmal warrior blinks!
The phantasmal warrior blinks! x2
The phantasmal warrior hits you.
* * * LOW HITPOINT WARNING * * *
Your magical defenses are stripped away!
Your hearing returns.
The phantasmal warrior blinks!
You completely miss the phantasmal warrior.
As you read the scroll labeled QOLURUO OMISI, it crumbles to dust.
You hear a loud clanging noise!
It was a scroll of noise.
You hear a shout!
The phantasmal warrior hits you!!
You die...

#.....=...# #.....#.
#.........#
#.'.###.#.
#......<..# .. #...
#.........+ #.###.
#...).....# #.....
#.........# #+##..
#!........# #.##..
#######'### #.###.
#..@W)# #.# #.
##W######### #.# #.
#....W.....# #.# #.
#..........# ##.###.
#..........####.....#
#............##..W...
#..........#..#.....#
#..........##.).....#
#..........####....∩#


You could see 2 phantasmal warriors.

Vanquished Creatures
  A hydra (D:11)
  Fannar (D:10)
  A centaur warrior (D:9)
  3 two-headed ogres
  An unseen horror (D:9)
  A manticore (D:11)
  A deep elf mage (D:10)
  A cyclops (D:10)
  A gargoyle (D:10)
  2 centaur skeletons
  A komodo dragon (D:10)
  A hornet (D:11)
  A merfolk (D:10)
  8 trolls
  Prince Ribbit (D:5)
  3 hippogriffs
  A wraith (D:11)
  The ghost of Eptagon the Sneak, an amateur SpEn (D:3)
  A human (D:10)
  3 yaks (D:10)
  A steam dragon (D:8)
  3 hungry ghosts
  A soldier ant (D:9)
  3 ice beasts
  9 orc warriors
  A black bear (D:11)
  3 sky beasts
  2 phantoms (D:7)
  A necrophage (D:10)
  4 ogres
  10 centaurs
  2 wolves (D:11)
  2 big kobolds
  A wyvern zombie (D:10)
  9 bullfrogs
  4 scorpions
  16 killer bees
  5 wights (D:7)
  2 howler monkeys
  2 electric eels (D:11)
  6 crimson imps
  3 quasits
  2 jellies
  3 centaur zombies
  7 hounds
  3 orc priests
  3 bullfrog zombies
  11 orc wizards
  Jessica (D:3)
  4 iguanas
  4 worker ants
  A hound zombie (D:7)
  8 gnolls
  11 adders
  3 shadow imps
  4 oozes
  An adder zombie (D:6)
  3 adder skeletons
  2 worms
  3 dart slugs
  3 leopard geckos
  30 orcs
  4 bats
  4 giant cockroaches
  7 hobgoblins
  8 jackals
  12 kobolds
  5 quokkas
  4 ball pythons
  3 frilled lizards
  7 goblins
  A leopard gecko skeleton (D:8)
  A leopard gecko zombie (D:5)
  A quokka skeleton (D:4)
  3 rats (D:3)
291 creatures vanquished.

Notes
Turn   | Place    | Note
-------+----------+-------------------------------------------
     0 | D:1      | Kriby the Mummy Fire Elementalist began the quest for the Orb.
     0 | D:1      | Reached XP level 1. HP: 13/13 MP: 4/4
    72 | D:1      | Reached skill level 1 in Conjurations
   325 | D:1      | Reached XP level 2. HP: 19/19 MP: 3/5
   425 | D:1      | Reached skill level 3 in Spellcasting
   790 | D:2      | Reached XP level 3. HP: 24/24 MP: 2/8
  1197 | D:2      | Reached XP level 4. HP: 29/30 MP: 3/9
  1262 | D:2      | Reached skill level 4 in Spellcasting
  1889 | D:3      | Noticed Eptagon's ghost (amateur SpEn)
  1919 | D:3      | Killed Eptagon's ghost
  1919 | D:3      | Reached skill level 5 in Spellcasting
  1919 | D:3      | Reached XP level 5. HP: 23/35 MP: 0/12
  2155 | D:3      | Reached XP level 6. HP: 37/41 MP: 5/13
  2255 | D:3      | Noticed Jessica
  2258 | D:3      | Killed Jessica
  2887 | D:4      | Found an iron altar of Okawaru.
  3042 | D:4      | Learned a level 3 spell: Conjure Flame
  3047 | D:4      | Learned a level 4 spell: Sticky Flame
  3050 | D:4      | Learned a level 2 spell: Throw Flame
  3056 | D:4      | Learned a level 5 spell: Fireball
  3089 | D:4      | Found a staircase to the Ecumenical Temple.
  3154 | Temple   | Entered the Ecumenical Temple
  3442 | D:4      | Found Jodiox's General Store.
  3450 | D:4      | Bought a scroll of fog for 26 gold pieces
  3450 | D:4      | Bought a scroll of remove curse for 39 gold pieces
  3556 | D:5      | Entered Level 5 of the Dungeon
  3582 | D:5      | Reached skill level 6 in Spellcasting
  3839 | D:5      | Noticed a sky beast
  3857 | D:5      | Killed a sky beast
  3857 | D:5      | Reached XP level 7. HP: 46/46 MP: 3/16
  3975 | D:5      | Noticed Prince Ribbit
  4500 | D:5      | Killed Prince Ribbit
  4500 | D:5      | Reached skill level 7 in Spellcasting
  5216 | D:6      | Reached XP level 8. HP: 52/52 MP: 16/19
  5366 | D:6      | Reached skill level 8 in Spellcasting
  5366 | D:6      | Reached skill level 5 in Conjurations
  6041 | D:7      | Reached skill level 5 in Fire Magic
  6064 | D:7      | Reached skill level 9 in Spellcasting
  6498 | D:7      | Reached XP level 9. HP: 57/57 MP: 15/22
  7204 | D:7      | Found a deep blue altar of Sif Muna.
  7208 | D:7      | Became a worshipper of Sif Muna the Loreminder
  7217 | D:7      | Reached skill level 10 in Spellcasting
  7516 | D:8      | Got a bloodstained spear
  7517 | D:8      | Identified the +2 spear of Wealth {holy, +Rage Dex+3} (You found it on level 8 of the Dungeon)
  7673 | D:8      | Noticed a two-headed ogre
  7686 | D:8      | Killed a two-headed ogre
  7686 | D:8      | Reached * piety under Sif Muna
  7686 | D:8      | Reached skill level 11 in Spellcasting
  7833 | D:8      | Learned a level 1 spell: Apportation
  7947 | D:7      | Identified Sif Muna's Incunabulum of Damage Dealing and Air
  7951 | D:7      | Learned a level 1 spell: Shock
  7987 | D:8      | Found a shattered altar of Ashenzari.
  8437 | D:8      | Found a stormy altar of Qazlal.
  8488 | D:8      | Reached XP level 10. HP: 58/63 MP: 15/25
  9034 | D:9      | Found Xar Tilu's Jewellery Emporium.
  9051 | D:9      | Reached ** piety under Sif Muna
  9141 | D:9      | Bought an uncursed ring of magical power for 280 gold pieces
  9198 | D:9      | Reached skill level 12 in Spellcasting
  9378 | D:9      | Found an opulent altar of Gozag.
  9385 | D:9      | Found a basalt altar of Yredelemnul.
  9390 | D:9      | Found a glowing silver altar of Zin.
  9397 | D:9      | Found a burning altar of Makhleb.
  9402 | D:9      | Found an ancient bone altar of Kikubaaqudgha.
  9489 | D:9      | Noticed a centaur warrior
  9506 | D:9      | HP: 3/63 [something (3)]
  9917 | D:9      | Found a shadowy altar of Dithmenos.
 10053 | D:9      | Killed a centaur warrior
 10334 | D:9      | Got a warped rapier
 10335 | D:9      | Identified the +5 rapier "Udyekapp" {speed, Stlth+} (You found it on level 9 of the Dungeon)
 10372 | D:9      | Noticed an unseen horror
 10377 | D:9      | Killed an unseen horror
 10381 | D:9      | Reached *** piety under Sif Muna
 10381 | D:9      | Reached skill level 13 in Spellcasting
 10982 | D:9      | Found a sacrificial altar of Ru.
 10990 | D:9      | Found a bloodstained altar of Trog.
 11057 | D:10     | Entered Level 10 of the Dungeon
 11165 | D:10     | Noticed a cyclops
 11180 | D:10     | Killed a cyclops
 11201 | D:10     | Reached XP level 11. HP: 68/68 MP: 16/28
 11349 | D:10     | Found Hiyn Bedubb's Magic Scroll Emporium.
 11717 | D:10     | Noticed Fannar
 11728 | D:10     | Reached **** piety under Sif Muna
 11757 | D:10     | Killed Fannar
 11775 | D:10     | Reached skill level 14 in Spellcasting
 12022 | D:10     | Noticed a deep elf mage
 12056 | D:10     | Killed a deep elf mage
 12060 | D:10     | Got a bloodstained war axe {drain}
 12172 | D:10     | Identified the +3 war axe "Ynex" {drain, Str+4} (You took it off a deep elf mage on level 10 of the Dungeon)
 12381 | D:10     | Found a staircase to the Orcish Mines.
 12916 | D:11     | Noticed a two-headed ogre
 12932 | D:11     | Killed a two-headed ogre
 12932 | D:11     | Reached ***** piety under Sif Muna
 13080 | D:11     | Noticed a two-headed ogre
 13146 | D:11     | Reached skill level 15 in Spellcasting
 13333 | D:11     | Found a staircase to the Lair.
 13340 | D:11     | Received a gift from Sif Muna
 13438 | D:11     | Killed a two-headed ogre
 13700 | D:11     | Noticed a four-headed hydra
 13713 | D:11     | Killed a four-headed hydra
 13713 | D:11     | Reached XP level 12. HP: 53/74 MP: 22/31
 14557 | D:11     | Found Femith's Magic Scroll Shoppe.
 14610 | D:11     | Noticed a death knight
 14647 | D:11     | Slain by a phantasmal warrior

Vault maps used:
D:1:      sevenhm_arrival_forest_fort_large_2, hangedman_decor_growths
D:3:      first_bread, serial_curves, eino_curves_03, eino_curves_01,
          eino_curves_03, eino_curves_04, uniq_jessica
D:4:      lemuel_doored_altar, serial_shops, nicolae_shop_waterfront,
          serial_bayou_ford_a
D:5:      uniq_prince_ribbit1
D:6:      nicolae_lava_and_water
D:7:      led_sif_book
D:8:      overflow_temple_1_default, grunt_qazlal_sundering
D:9:      minmay_blocky_corners, grunt_dithmenos_shadows,
          grunt_temple_overflow_octagram, serial_shops, shop
D:10:     orc_0_dummy, serial_shops, shop, hangedman_stone_soup, uniq_fannar
D:11:     erik_lair_island, serial_shops, shop, kennysheep_generic_room_14
Temple:   dpeg_chambers_temple

Skill      XL: |  1  2  3  4  5  6  7  8  9 10 11 12 |
---------------+-------------------------------------+-----
Conjurations   | 1 2 3 4 5 6 7 8 |  8.9
Spellcasting   | 3 5 6 7 9 11 13 15 | 15.9
Fire Magic     | 3 4 5 6 7 8 9 |  9.0
Dodging        | |  1.5
Stealth        | |  1.5

Action                   |  1- 3 |  4- 6 |  7- 9 | 10-12 || total
-------------------------+-------+-------+-------+-------++-------
Melee: Unarmed           |    19 |       |       |       ||    19
       Hand axe          |       |    10 |     1 |       ||    11
       Trident           |       |       |    26 |    32 ||    58
       Rapier            |       |       |       |    42 ||    42
Throw: Tomahawk          |       |       |     5 |     7 ||    12
       Javelin           |       |       |     1 |     6 ||     7
 Cast: Flame Tongue      |    61 |   120 |   229 |   352 ||   762
       Conjure Flame     |       |     3 |    21 |    38 ||    62
       Sticky Flame      |       |       |     9 |    54 ||    63
       Throw Flame       |       |       |    10 |    72 ||    82
       Shock             |       |       |     4 |    15 ||    19
       Fireball          |       |       |     3 |    32 ||    35
       Apportation       |       |       |     3 |       ||     3
Evoke: Wand              |       |       |     2 |       ||     2
  Use: Scroll            |       |       |     3 |    16 ||    19
 Stab: Sleeping          |       |       |       |     1 ||     1
Armor: Robe              |    23 |    26 |    24 |    59 ||   132
       Troll leather arm |       |       |       |    28 ||    28
Dodge: Dodged            |    43 |    26 |    54 |    91 ||   214
Block: Other             |       |       |       |     2 ||     2
